 Dungeon Crawl Stone Soup version 0.27-a0-538-g15ff5c5295 (webtiles) character file.

Game seed: 1614952972135437078

46 Frqise the Chopper (level 3, -2/33 HPs)
             Began as a Minotaur Berserker on Mar 6, 2021.
             Was a Believer of Trog.
             Slain by a two-headed ogre
             ... wielding a +0 giant spiked club
              (8 damage)
             ... on level 3 of the Dungeon.
             The game lasted 00:02:04 (1618 turns).

Frqise the Chopper (Minotaur Berserker)             Turns: 1618, Time: 00:02:06

Health: -2/33      AC:  3    Str: 22    XL:     3   Next: 46%
Magic:  2/2        EV: 12    Int:  4    God:    Trog [**....]
Gold:   163        SH:  0    Dex:  9    Spells: 2/2 levels left

rFire    . . .     SeeInvis .   a - +0 hand axe
rCold    . . .     Faith    .   (no shield)
rNeg     . . .     Spirit   .   b - +0 animal skin
rPois    .         Reflect  .   (helmet restricted)
rElec    .         Harm     .   h - +0 cloak
rCorr    .         Rampage  .   (no gloves)
Will     .....                  (no boots)
Stlth    +.........             o - amulet of regeneration
HPRegen  1.11/turn              (no ring)
MPRegen  0.08/turn              (no ring)

@: no status effects
A: horns 2, retaliatory headbutt
a: Renounce Religion, Berserk, Trog's Hand


You were on level 3 of the Dungeon.
You worshipped Trog.
Trog was pleased with you.
You visited 1 branch of the dungeon, and saw 3 of its levels.

You collected 163 gold pieces.

Inventory:

Hand Weapons
 a - a +0 hand axe (weapon)
Armour
 b - a +0 animal skin (worn)
 h - a +0 cloak (worn)
Jewellery
 i - an amulet of reflection
 o - an amulet of regeneration (around neck)
Scrolls
 d - 4 scrolls of noise {unknown}
 f - 2 scrolls of identify {unknown}
 g - a scroll of enchant weapon {unknown}
 l - a scroll of fog {unknown}
 m - 2 scrolls of teleportation {unknown}
 n - a scroll of magic mapping {unknown}
Potions
 c - a potion of haste {unknown}
 e - 2 potions of heal wounds {unknown}
 j - a potion of curing {unknown}
 k - a potion of resistance {unknown}
 p - a potion of ambrosia {unknown}
 q - a potion of might {unknown}


   Skills:
 + Level 4.2 Fighting
 + Level 4.6 Axes
 + Level 2.6 Armour
 + Level 2.5 Dodging
 + Level 0.1 Stealth


You had 2 spell levels left.
You didn't know any spells.
Your spell library was empty.

Dungeon Overview and Level Annotations

Branches:
Dungeon (3/15)

Altars:
Fedhas


Innate Abilities, Weirdness & Mutations

You have a pair of horns on your head.
You reflexively headbutt those who attack you in melee.


Message History

Found a stone staircase leading down.
You see here 3 scrolls labelled VONOGEALLU.
The rat barely misses you.
You closely miss the rat. The rat misses you.
You hit the rat but do no damage. The rat bites you but does no damage.
You closely miss the rat. The rat bites you but does no damage.
You slash the rat!
You kill the rat!
Trog accepts your kill.
You see here a rat corpse.
d - 4 scrolls labelled VONOGEALLU (gained 3)
You now have 163 gold pieces (gained 6).
A rat comes into view.
A rat is nearby!
A rat comes into view.
Found a quarterstaff.
Found a stone staircase leading down.
You hit the rat.
You kill the rat!
Trog accepts your kill.
An orc and a two-headed ogre come into view.
The two-headed ogre shouts in stereo!
The orc shouts!
The rat closely misses you.
You barely miss the rat. You headbutt the rat, but do no damage.
A bat comes into view.
The rat bites you but does no damage.
A kobold comes into view. It is wielding a +0 club.
The rat bites you.
The kobold shouts!
You hit the rat but do no damage. You headbutt the rat.
You kill the rat!
Trog accepts your kill.
The kobold throws a stone.
The stone barely misses you.
You hit the two-headed ogre.
Your headbutt misses the two-headed ogre.
The two-headed ogre is lightly wounded.
The two-headed ogre hits you with a +0 giant spiked club!!
Ouch! That really hurt!
* * * LOW HITPOINT WARNING * * *
The two-headed ogre hits you with a +0 giant spiked club!
You die...

#.....## #..## #
#..##..###.## . #.
##..###.....#
.>.#.###..####...###
#.....#..# #....#
#...## #.##.# #
##...# #.##.#
....###....## #.##.#
#...O@....# ......
#.........# ......
#.......b...... ..#
#.......o.#.....
...........#.).
#######.........
##...K... .#.#...


You could see a two-headed ogre, an orc, a bat and a kobold.

Vanquished Creatures
  An adder (D:2)
  A worm (D:2)
  A leopard gecko (D:2)
  2 bats (D:1)
  A giant cockroach (D:1)
  2 goblins
  3 hobgoblins (D:1)
  7 jackals (D:1)
  4 frilled lizards (D:1)
  3 kobolds
  8 rats
33 creatures vanquished.

Notes
Turn   | Place    | Note
-------+----------+-------------------------------------------
     0 | D:1      | Frqise the Minotaur Berserker began the quest for the Orb.
     0 | D:1      | Reached XP level 1. HP: 19/19 MP: 0/0
   175 | D:1      | Reached XP level 2. HP: 21/27 MP: 1/1
   559 | D:1      | Reached ** piety under Trog
  1048 | D:2      | Reached XP level 3. HP: 32/33 MP: 2/2
  1383 | D:2      | Found a blossoming altar of Fedhas.
  1615 | D:3      | Noticed a two-headed ogre
  1618 | D:3      | Slain by a two-headed ogre

Illustrated notes

Levels and vault maps discovered:
D:1:      lightli_arrival_lavapool, layout_basic, dk_noncrumbling_2
D:2:      layout_rooms, fedhas_ov_isle_minmay
D:3:      layout_rooms, lemuel_round_altar

Skill      XL: |  1  2 |
---------------+-------+-----
Axes           | 4 |  4.6
Fighting       | 4 |  4.2
Armour         | |  2.6
Dodging        | |  2.5
Stealth        | |  0.1

Action                   || total
-------------------------++-------
Melee: Hand axe          ||    63
       Headbutt          ||     6
Armor: Animal skin       ||    18
Dodge: Dodged            ||    50

Table legend: (Time is in decaauts)
 A = Elapsed time spent in this place.
 B = Non-inter-level travel time spent in this place.
 C = Inter-level travel time spent in this place.
 D = Time resting spent in this place.
 E = Time spent auto-exploring this place.
 F = Levels seen in this place.
 G = Mean time per level.
                   A        B        C        D        E       F      G
               +--------+--------+--------+--------+--------+-----+--------+
         Total |   1623 |   1623 |      0 |    346 |   1043 |   3 |  541.0 |
       Dungeon |   1623 |   1623 |      0 |    346 |   1043 |   3 |  541.0 |
               +--------+--------+--------+--------+--------+-----+--------+

Top non-repeatable levels by time:
     D:1: 1018 daAuts
     D:2: 549 daAuts
     D:3: 56 daAuts
